 Dungeon Crawl Stone Soup version 0.21.1-1-g345015f (webtiles) character file.

275 n0claF the Shooter (level 6, -4/51 HPs)
             Began as a Centaur Hunter on June 21, 2018.
             Was an Initiate of Okawaru.
             Slain by a slave (6 damage)
             ... led by Pikel
             ... on level 3 of the Dungeon.
             The game lasted 00:14:25 (3896 turns).

n0claF the Shooter (Centaur Hunter)                 Turns: 3896, Time: 00:14:26

Health: -4/51      AC:  4    Str: 16    XL:     6   Next: 3%
Magic:  6/6        EV: 10    Int: 10    God:    Okawaru [......]
Gold:   248        SH:  0    Dex: 10    Spells: 5/5 levels left

rFire    . . .     SeeInvis .     - Unarmed
rCold    . . .     Gourm    .   (no shield)
rNeg     . . .     Faith    .   c - +0 leather armour
rPois    .         Spirit   .   (no helmet)
rElec    .         Reflect  .   (no cloak)
rCorr    .         Harm     .   (no gloves)
MR       .....                  (no barding)
Stlth    +.........             (no amulet)
HPRegen  0.17/turn              (no ring)
MPRegen  0.10/turn              (no ring)

@: very quick
A: large, hooves 3, deformed body, speed 2, tough skin 3
a: Renounce Religion


You were on level 3 of the Dungeon.
You worshipped Okawaru.
Okawaru was noncommittal.
You were not hungry.

You visited 2 branches of the dungeon, and saw 5 of its levels.

You collected 248 gold pieces.

Inventory:

Hand Weapons
 a - a +1 shortbow
Missiles
 d - 2 arrows
Armour
 c - a +0 leather armour (worn)
Scrolls
 b - 2 scrolls of enchant weapon {unknown}
 f - 4 scrolls of remove curse {@r2}
 g - 4 scrolls of identify {@r1}
 i - a scroll of blinking {unknown}
 m - a scroll of teleportation {unknown}
 o - a scroll of random uselessness {unknown}
 q - a scroll of enchant armour {unknown}
Potions
 h - a potion of degeneration {!q!d}
 j - 3 potions of curing {@q1}
 k - a potion of ambrosia {unknown}
 l - a potion of brilliance {unknown}
 p - a potion of agility {unknown}
Comestibles
 e - 7 rations {!d}
 n - 2 chunks of flesh


   Skills:
 + Level 3.3 Fighting
 * Level 7.3 Bows
 + Level 2.4 Dodging
 - Level 0.4 Stealth
 + Level 2.3 Unarmed Combat


You had 5 spell levels left.
You didn't know any spells.

Dungeon Overview and Level Annotations

Branches:
Dungeon (4/15)             Temple (1/1) D:4

Altars:
Ashenzari
Dithmenos
Elyvilon
Fedhas
Hepliaklqana
Kikubaaqudgha
Makhleb
Nemelex Xobeh
Okawaru
Qazlal
Sif Muna
Trog
Uskayaw
Wu Jian
Xom
Yredelemnul
Zin

Shops:
D:4 *

Annotations:
D:4 Pikel; Sigmund; diana's ghost, amateur MfGl


Innate Abilities, Weirdness & Mutations

You have hooves in place of feet.
Armour fits poorly on your strangely shaped body.
You cover ground very quickly.
You have extremely tough skin. (AC +3)


Message History

Things that are here:
an animal skin; a human corpse Welcome back, n0claF the Centaur Hunter.
Okawaru says: Bring me glory in combat!
Okay, then.
You butcher the human corpse.
n - 3 chunks of flesh You see here an animal skin. x2
Eat one of 3 chunks of flesh? (ye/n/q)
You eat one of the 3 chunks of flesh.
There is a stone staircase leading down, spattered with blood here.
You start resting.
You climb downwards.
Level annotation: Pikel; Sigmund; diana's ghost, amateur MfGl The slave hits you but does no damage. x2
There is a stone staircase leading up here.
The slave hits you but does no damage.
You climb upwards.
There is a stone staircase leading down, spattered with blood here.
You hit the slave. You kick the slave, but do no damage.
The slave hits you but does no damage.
You closely miss the slave. The slave hits you but does no damage.
You closely miss the slave. Your kick misses the slave. The slave hits you!
You barely miss the slave. The slave hits you.
You hit the slave but do no damage. The slave hits you.
You barely miss the slave. Your kick misses the slave. The slave hits you!
You hit the slave. Your kick misses the slave. The slave barely misses you.
You hit the slave but do no damage. Your kick misses the slave.
The slave barely misses you.
You barely miss the slave. You hit the slave. Your kick misses the slave.
The slave barely misses you.
You hit the slave. The slave hits you.
You closely miss the slave. Your kick misses the slave.
The slave hits you but does no damage.
You hit the slave. You kick the slave. The slave hits you but does no damage.
You barely miss the slave. Your kick misses the slave.
The slave closely misses you.
You closely miss the slave. Your kick misses the slave. The slave hits you!
* * * LOW HITPOINT WARNING * * *
You hit the slave but do no damage. Your kick misses the slave.
The slave hits you!
* * * LOW HITPOINT WARNING * * *
You completely miss the slave. The slave hits you.
* * * LOW HITPOINT WARNING * * *
You closely miss the slave. Your kick misses the slave.
The slave barely misses you.
You barely miss the slave. The slave hits you.
* * * LOW HITPOINT WARNING * * *
The slave hits you.
You die...

##.##.........#...#
##.##....####..#+##
######### ##.##....#
#..#.# #.......#
##.##.#### #..#.#
#.......##### ...##.#
#..#.# #............
####..# #....#
#............ #
#..### #.#..#
#######......
#######.#
#.#[.#####...........
...# #.###
#..p@....'...........
.(.####...#
##########...........
........#.#
#......#####
...####.#.#
#........... ...#
#.#.# #...###....#
#######.#.#
#..#...#..#.
........#.#
#..#.⌠.#..#.
........#.#
#..#...#≈≈#.
........#.#
#####..≈###≈≈≈≈#


You could see a slave.

Vanquished Creatures
  A slave (D:3)
  A scorpion (D:4)
  A centaur skeleton (D:4)
  A worker ant zombie (D:4)
  4 gnolls
  5 adders
  3 worms (D:3)
  5 dart slugs
  3 leopard geckos
  2 orcs
  2 giant cockroaches
  2 gnoll zombies (D:3)
  8 goblins
  10 hobgoblins
  6 jackals
  2 quokkas
  A ball python (D:3)
  10 bats
  A frilled lizard (D:2)
  8 kobolds
  7 rats
  2 fungi (D:2)
85 creatures vanquished.

Notes
Turn   | Place    | Note
-------+----------+-------------------------------------------
     0 | D:1      | n0claF the Centaur Hunter began the quest for the Orb.
     0 | D:1      | Reached XP level 1. HP: 17/17 MP: 1/1
    93 | D:1      | Reached XP level 2. HP: 6/24 MP: 2/2
   688 | D:1      | Reached skill level 1 in Unarmed Combat
   817 | D:1      | Reached XP level 3. HP: 30/30 MP: 3/3
  1065 | D:1      | Reached skill level 6 in Bows
  1451 | D:2      | Reached XP level 4. HP: 37/37 MP: 4/4
  2244 | D:3      | Found a hazy altar of Hepliaklqana.
  2761 | D:3      | Reached XP level 5. HP: 44/44 MP: 5/5
  2875 | D:3      | Found an iron altar of Okawaru.
  2888 | D:3      | Became a worshipper of Warmaster Okawaru
  3021 | D:3      | Found a basalt altar of Yredelemnul.
  3146 | D:4      | Found a staircase to the Ecumenical Temple.
  3161 | D:4      | Reached skill level 7 in Bows
  3168 | Temple   | Entered the Ecumenical Temple
  3334 | D:4      | Noticed diana's ghost (amateur MfGl)
  3393 | D:4      | Found Kucs's Assorted Antiques.
  3608 | D:4      | Noticed a slave
  3608 | D:4      | Noticed a slave
  3609 | D:4      | Noticed Pikel
  3609 | D:4      | Noticed a slave
  3610 | D:4      | Noticed a slave
  3674 | D:4      | Found a glowing silver altar of Zin.
  3674 | D:4      | Noticed Sigmund
  3685 | D:3      | Reached XP level 6. HP: 49/51 MP: 6/6
  3756 | D:3      | Killed a slave
  3895 | D:3      | HP: 1/51 [slave[Pikel] (6)]
  3896 | D:3      | Slain by a slave

Skill      XL: |  1  2  3  4  5 |
---------------+----------------+-----
Unarmed Combat | 1 2 |  2.3
Bows           | 6 7 |  7.3
Dodging        | 2 |  2.4
Fighting       | 3 |  3.3
Stealth        | |  0.4

Action                   |  1- 3 |  4- 6 || total
-------------------------+-------+-------++-------
Melee: Unarmed           |     4 |    68 ||    72
       Kick              |       |    19 ||    19
 Fire: Shortbow          |   119 |   187 ||   306
  Use: Scroll            |       |     2 ||     2
       Potion            |       |     1 ||     1
  Eat: Chunk             |       |     7 ||     7
Armor: Leather armour    |    18 |    43 ||    61
Dodge: Dodged            |    25 |    53 ||    78
